 Dungeon Crawl Stone Soup version 0.20-a0-1000-g0e8f6bb (webtiles) character file.

12141 MTVSty1e the Fighter (level 12, -12/102 HPs)
             Began as a Formicid Fighter on Apr 11, 2017.
             Was an Initiate of Gozag.
             Mangled by a death knight
             ... wielding a +0 halberd
              (18 damage)
             ... on level 12 of the Dungeon on Apr 12, 2017.
             The game lasted 00:48:38 (11493 turns).

MTVSty1e the Fighter (Formicid Fighter)            Turns: 11493, Time: 00:48:38

Health: -12/102    AC:  9    Str: 31    XL:     12   Next: 16%
Magic:  3/3        EV: 19    Int: 12    God:    Gozag
Gold:   220        SH: 15    Dex: 15    Spells: 11/11 levels left

rFire    + + .     SeeInvis +   d - +0 battleaxe
rCold    . . .     Gourm    .   c - +0 shield
rNeg     . . .     Faith    .   b - +1 scale mail
rPois    +         Spirit   .   (helmet unavailable)
rElec    +         Reflect  +   (no cloak)
rCorr    +         Harm     .   (no gloves)
MR       ++...     Clarity  +   (no boots)
Stlth    +.........             C - amulet "Rickyoca" {Reflect rElec MP-9 Int+6 SH+2 SInv}
Regen    0.3/turn               k - ring of resist corrosion
MPRegen  0.1/turn               z - ring of fire

@: mighty, agile, resistant, gold aura
A: permanent stasis, dig shafts and tunnels, four strong arms, antennae 3,
clarity, dopey 1, magic resistance 1
a: Dig, Shaft Self, Potion Petition, Call Merchant, Bribe Branch, Renounce
Religion


You were on level 12 of the Dungeon.
You worshipped Gozag.
Gozag was aware of your devotion.
You were hungry.

You visited 1 branch of the dungeon, and saw 12 of its levels.
You also visited: Ossuary and Bailey.

You collected 3454 gold pieces.
You spent 291 gold pieces at shops.
You paid 2943 gold pieces to Gozag.

Inventory:

Hand Weapons
 a - a +1 war axe
 d - a +0 battleaxe (weapon)
 v - a +3 hand axe
Armour
 b - a +1 scale mail (worn)
 c - a +0 shield (worn)
Jewellery
 k - a ring of resist corrosion (left hand)
 o - an uncursed amulet of regeneration
 z - a ring of fire (right hand)
 C - the amulet "Rickyoca" (around neck) {Reflect rElec MP-9 Int+6 SH+2 SInv}
   (You bought it in a shop on level 9 of the Dungeon)

   [amulet of reflection]

   It shields you and reflects attacks.
   It affects your intelligence (+6).
   It insulates you from electricity.
   It affects your magic capacity (-9).
   It lets you see invisible.
   It affects your SH (+2).
Wands
 i - a wand of lightning (0/15)
 q - a wand of random effects (18/48)
 s - a wand of acid (2/15)
 x - a wand of digging (5/24)
 A - a wand of iceblast (5/15)
Scrolls
 e - 5 scrolls of enchant armour
 g - 6 scrolls of enchant weapon
 h - 4 scrolls of identify
 m - 4 scrolls of remove curse
 p - 2 scrolls of fog
 y - a scroll of magic mapping
 B - 3 scrolls of amnesia
 D - a scroll of fear
Potions
 j - a potion of curing
 r - 2 potions of magic
 t - a potion of degeneration {unknown}
 u - a potion of flight
 w - a potion of heal wounds {unknown}
 F - a potion of berserk rage {unknown}
Comestibles
 f - 8 fruits
 l - 11 royal jellies
 n - 8 bread rations


   Skills:
 * Level 12.3 Fighting
 + Level 7.9 Axes
 + Level 9.1 Armour
 - Level 6.3 Dodging
 + Level 9.9 Shields


You had 11 spell levels left.
You didn't know any spells.

Dungeon Overview and Level Annotations

Branches:
Dungeon (12/15)            Temple (0/1) D:4            Lair (0/6) D:9
    Orc: D:9-12

Altars:
Ashenzari
Cheibriados
Fedhas
Gozag
Nemelex Xobeh
Ru
Trog
Wu Jian
Zin
The Shining One

Shops:
D:9 (?:}=   D:11 *

Annotations:
D:6 1 runed door
D:11 Monsterracer's ghost, journeyman MfSk; Sonja


Innate Abilities, Weirdness & Mutations

You cannot be hasted, slowed, berserked, paralysed or teleported.
You can dig through walls and to a lower floor.
Your four strong arms can wield two-handed weapons with a shield.
You have a pair of large antennae on your head. (SInv)
You possess an exceptional clarity of mind.
You are dopey. (Int -2)
You are resistant to hostile enchantments. (MR+)


Message History

You no longer have enough gold to petition Gozag for potion effects.
You no longer have enough gold to fund merchants seeking to open stores in the dungeon.
You feel much better.
Your stasis prevents you from being hasted.
You feel agile all of a sudden.
You feel protected.
You feel very mighty all of a sudden.
The freezing wraith is distracted by the nearby gold.
You block the death knight's attack.
You closely miss the death knight.
The death knight hits you with a halberd!!
* * * LOW HITPOINT WARNING * * *
You hit the death knight.
The death knight is lightly wounded.
The death knight offers itself to Yredelemnul, and fills with unholy energy.
You closely miss the death knight.
The death knight is lightly wounded.
The freezing wraith is no longer distracted by gold.
The death knight hits you with a halberd!!
You die...
Your body crumbles into a pile of gold.

.........#####.#
#..#...........#
#....#...........
#... #.#######...
##.###.......+ .
.....p.$..W.##
.....#####W##
....! #p# ..{.
#@# #### #.# {{
#.# ..# #### {


You could see a death knight, a freezing wraith and a wraith.

Vanquished Creatures
  2 two-headed ogres
  The ghost of North the Basher, a novice BuSu of Jiyva (D:8)
  An unseen horror (D:9)
  3 orc knights (Bailey)
  Joseph (D:7)
  A gargoyle (D:11)
  A freezing wraith (D:12)
  A troll (D:10)
  Grinder (D:5)
  A hornet (D:10)
  A hippogriff (D:10)
  The ghost of Dirtsage the Cudgeler, an amateur GrGl (D:3)
  Sigmund (D:5)
  A wraith (D:10)
  2 yaks (D:10)
  2 wyverns
  A human (D:10)
  3 hogs (D:10)
  Edmund (D:5)
  A water moccasin (D:8)
  7 orc warriors
  4 ice beasts
  3 sky beasts
  5 ogres
  A centaur (D:7)
  A crocodile (D:9)
  2 big kobolds
  6 bullfrogs
  A gnoll sergeant (D:6)
  3 scorpions
  10 killer bees
  8 wights
  2 jellies
  A howler monkey (D:4)
  A centaur zombie (D:7)
  4 crimson imps
  A human zombie (Ossuary)
  2 quasits
  5 orc priests
  6 hounds
  5 orc wizards
  4 iguanas
  15 worker ants
  A killer bee zombie (D:7)
  3 big kobold zombies (Ossuary)
  2 mummies (Ossuary)
  9 gnolls
  10 adders
  3 shadow imps
  3 oozes
  An adder zombie (D:8)
  An adder skeleton (D:6)
  4 worms
  4 dart slugs
  5 leopard geckos
  30 orcs
  14 giant cockroaches
  A gnoll zombie (Ossuary)
  9 goblins
  11 hobgoblins
  9 jackals
  3 quokkas
  9 bats
  6 frilled lizards
  3 goblin zombies (Ossuary)
  2 hobgoblin zombies (Ossuary)
  28 kobolds
  4 orc zombies (Ossuary)
  A quokka zombie (D:9)
  6 rats
306 creatures vanquished.

Vanquished Creatures (others)
  A worker ant (D:9)
1 creature vanquished.

Grand Total: 307 creatures vanquished

Notes
Turn   | Place    | Note
-------+----------+-------------------------------------------
     0 | D:1      | MTVSty1e the Formicid Fighter began the quest for the Orb.
     0 | D:1      | Reached XP level 1. HP: 18/18 MP: 1/1
    88 | D:1      | Reached XP level 2. HP: 23/24 MP: 2/2
   301 | D:1      | Reached XP level 3. HP: 30/30 MP: 3/3
   433 | D:1      | You fall through a shaft!
   558 | D:2      | Found a sacrificial altar of Ru.
   818 | D:2      | Reached XP level 4. HP: 37/37 MP: 4/4
   911 | D:2      | Reached skill level 4 in Fighting
  1026 | D:2      | Found a faded altar of an unknown god.
  1034 | D:2      | Became a worshipper of Gozag Ym Sagoz the Greedy
  1452 | D:3      | Reached skill level 1 in Dodging
  1743 | D:3      | Reached XP level 5. HP: 43/43 MP: 5/5
  1789 | D:3      | Noticed Dirtsage's ghost (amateur GrGl)
  1798 | D:3      | Killed Dirtsage's ghost
  1798 | D:3      | Reached skill level 5 in Fighting
  1798 | D:3      | Reached XP level 6. HP: 49/51 MP: 6/6
  2519 | D:4      | Reached XP level 7. HP: 49/56 MP: 7/7
  2530 | D:4      | Found a sand-covered staircase.
  2537 | D:4      | Found a staircase to the Ecumenical Temple.
  2564 | Ossuary  | Entered an ossuary
  2591 | Ossuary  | Reached skill level 5 in Shields
  2728 | Ossuary  | Gained mutation: You are resistant to hostile enchantments. (MR+) [potion of mutation]
  2728 | Ossuary  | Gained mutation: Your system is resistant to poisons. (rPois) [potion of mutation]
  2728 | Ossuary  | Gained mutation: You possess an exceptional clarity of mind. [potion of mutation]
  2728 | Ossuary  | Gained mutation: You are highly resistant to hostile enchantments. (MR++) [potion of mutation]
  2762 | D:4      | Found a shattered altar of Ashenzari.
  3364 | D:5      | Entered Level 5 of the Dungeon
  3382 | D:5      | Found a snail-covered altar of Cheibriados.
  3388 | D:5      | Upgraded the game from 0.20-a0-993-gba41c3c to 0.20-a0-1000-g0e8f6bb
  3399 | D:5      | Reached skill level 6 in Fighting
  3420 | D:5      | Reached XP level 8. HP: 32/64 MP: 8/8
  3477 | D:5      | Noticed Grinder
  3493 | D:5      | Killed Grinder
  3493 | D:5      | Reached skill level 5 in Armour
  3597 | D:5      | Noticed Sigmund
  3603 | D:5      | Killed Sigmund
  3700 | D:5      | Noticed Edmund
  3714 | D:5      | Killed Edmund
  3714 | D:5      | Reached skill level 7 in Fighting
  4026 | D:5      | Lost mutation: Your system is resistant to poisons. (rPois) [potion of mutation]
  4026 | D:5      | Lost mutation: You possess an exceptional clarity of mind. [potion of mutation]
  4026 | D:5      | Gained mutation: You are dopey. (Int -2) [potion of mutation]
  4026 | D:5      | Gained mutation: You are partially covered in molten scales. (AC +2) [potion of mutation]
  4258 | D:6      | Reached XP level 9. HP: 33/72 MP: 9/9
  4606 | D:6      | Found a runed door.
  4624 | D:6      | Found a runed door.
  4633 | D:6      | Reached skill level 8 in Fighting
  4931 | D:6      | Found a sparkling altar of Nemelex Xobeh.
  4958 | D:6      | Found a bloodstained altar of Trog.
  4961 | D:6      | Found an opulent altar of Gozag.
  5138 | D:7      | Noticed Joseph
  5150 | D:7      | Killed Joseph
  5150 | D:7      | Reached skill level 5 in Axes
  5221 | D:7      | Found a flagged portal.
  5264 | Bailey   | Entered a bailey
  5272 | Bailey   | Noticed an orc knight
  5278 | Bailey   | Noticed an orc knight
  5319 | Bailey   | Killed an orc knight
  5319 | Bailey   | Reached skill level 9 in Fighting
  5319 | Bailey   | Reached XP level 10. HP: 56/83 MP: 10/10
  5348 | Bailey   | Noticed an orc knight
  5373 | Bailey   | Killed an orc knight
  5445 | Bailey   | Killed an orc knight
  5445 | Bailey   | Reached skill level 5 in Dodging
  5459 | Bailey   | Reached skill level 10 in Fighting
  7054 | D:8      | Found a glowing silver altar of Zin.
  7093 | D:8      | Found a glowing golden altar of the Shining One.
  7099 | D:8      | Found an ornate altar of the Wu Jian Council.
  7121 | D:8      | Found a blossoming altar of Fedhas.
  7135 | D:8      | Noticed a two-headed ogre
  7140 | D:8      | Killed a two-headed ogre
  7140 | D:8      | Reached XP level 11. HP: 52/92 MP: 11/11
  7289 | D:8      | Noticed North's ghost (novice BuSu)
  7313 | D:8      | Killed North's ghost
  7313 | D:8      | Reached skill level 11 in Fighting
  8271 | D:9      | Noticed an unseen horror
  8311 | D:9      | Killed an unseen horror
  8398 | D:9      | Found Umifia's Gadget Boutique.
  8407 | D:9      | Found Biar's Jewellery Boutique.
  8415 | D:9      | Bought the amulet "Rickyoca" {Reflect rElec MP-9 Int+6 SH+2 SInv} for 291 gold pieces
  8437 | D:9      | Found a staircase to the Lair.
  8585 | D:9      | Found Biokhug's Magic Scroll Shoppe.
  8670 | D:9      | Found Umodd's Weapon Shop.
  8750 | D:9      | Found Jublet's Book Emporium.
  9005 | D:10     | Entered Level 10 of the Dungeon
  9672 | D:10     | Lost mutation: You are partially covered in molten scales. (AC +2) [potion of mutation]
  9672 | D:10     | Lost mutation: You are highly resistant to hostile enchantments. (MR++) [potion of mutation]
  9672 | D:10     | Gained mutation: You possess an exceptional clarity of mind. [potion of mutation]
  9932 | D:11     | Found Feraeloz's Pet Rocks.
 10228 | D:11     | Noticed a death knight
 10231 | D:11     | Noticed Sonja
 10574 | D:10     | Noticed a two-headed ogre
 10581 | D:10     | Killed a two-headed ogre
 10581 | D:10     | Reached skill level 12 in Fighting
 10581 | D:10     | Reached XP level 12. HP: 34/102 MP: 3/12
 11316 | D:11     | Noticed Monsterracer's ghost (journeyman MfSk)
 11470 | D:12     | Noticed a death knight
 11491 | D:12     | HP: 5/102 [death knight/halberd (26)]
 11493 | D:12     | Mangled by a death knight

Vault maps used:
D:1:      minmay_arrival_five_plusses, minmay_misc_feat_iff,
          corexii_leaking_fountain
D:2:      chequers_ecumenical_altar_simple, nicolae_ru_sacrificial_ziggurat
D:3:      kennysheep_cluttered_room, kennysheep_generic_room_12
D:4:      lemuel_doored_altar, minmay_temple_entry_enclosed_plants,
          enter_ossuary_1, kennysheep_generic_room_11
D:5:      first_bread, kennysheep_slug_shrine, uniq_edmund, uniq_sigmund,
          uniq_grinder
D:6:      lemuel_insect_pit, nicolae_overflow_hidden_temple
D:7:      lightli_bailey_entry_fortress, uniq_joseph
D:8:      minmay_goldmine, kennysheep_mini_moat, grunt_temple_overflow_open,
          serial_bayou_ford_a
D:9:      dpeg_oklobed_lair, serial_shops, shop, shop, shop, shop,
          nicolae_shop_competitors_out_of_business
D:10:     grunt_livestock
D:11:     orc_0_dummy, serial_corexii_hall, corexii_hall_statues_deadend,
          corexii_hall_statues_deadend, corexii_hall_statues_i,
          nrook_mini_vaults, guppyfry_shop_earth, uniq_sonja
Ossuary:  minmay_ossuary_gauntlet
Bailey:   bailey_axe_4, bailey

Skill      XL: |  1  2  3  4  5  6  7  8  9 10 11 12 |
---------------+-------------------------------------+-----
Fighting       | 4 5 6 7 9 10 12 | 12.3
Shields        | 4 5 6 7 8 9 |  9.9
Dodging        | 1 2 3 4 5 6 |  6.3
Axes           | 3 4 5 6 7 |  7.9
Armour         | 4 5 6 7 8 9 |  9.1

Action                   |  1- 3 |  4- 6 |  7- 9 | 10-12 || total
-------------------------+-------+-------+-------+-------++-------
Melee: War axe           |    87 |   140 |   308 |    65 ||   600
       Battleaxe         |       |       |       |   507 ||   507
Invok: Potion Petition   |       |     1 |       |     5 ||     6
 Abil: Dig               |       |       |       |     8 ||     8
Evoke: Wand              |       |       |     3 |     1 ||     4
  Use: Scroll            |     1 |     3 |    11 |     1 ||    16
       Potion            |       |     1 |     7 |     5 ||    13
 Stab: Distracted        |       |       |     2 |     1 ||     3
  Eat: Bread ration      |       |     1 |       |     1 ||     2
       Meat ration       |       |     1 |     1 |     3 ||     5
       Fruit             |       |       |     1 |     2 ||     3
Armor: Scale mail        |    37 |    71 |   123 |   192 ||   423
Dodge: Dodged            |    34 |    51 |   161 |   367 ||   613
Block: Shield            |    38 |    80 |   219 |   490 ||   827
       Reflection        |       |       |       |     1 ||     1
